 Dungeon Crawl Stone Soup version 0.21-a0-504-g2eda330 (webtiles) character file.

466 relicbr the Arsonist (level 6, 0/32 HPs)
             Began as a Deep Elf Fire Elementalist on Nov 25, 2017.
             Killed from afar by an orc wizard (4 damage)
             ... with a magic dart
             ... on level 4 of the Dungeon.
             The game lasted 00:12:54 (4223 turns).

relicbr the Arsonist (Deep Elf Fire Elementalist)   Turns: 4223, Time: 00:12:54

Health: 0/32       AC:  4    Str:  5    XL:     6   Next: 81%
Magic:  6/12       EV: 13    Int: 22    God:
Gold:   162        SH:  0    Dex: 15    Spells: 7/11 levels left

rFire    . . .     SeeInvis .   b - +4 quarterstaff (chaos)
rCold    . . .     Gourm    .   (shield currently unavailable)
rNeg     . . .     Faith    .   j - +0 robe
rPois    .         Spirit   .   (no helmet)
rElec    .         Reflect  .   x - +0 cloak {+Inv}
rCorr    .         Harm     .   (no gloves)
MR       .....                  t - +0 pair of boots
Stlth    ++........             (no amulet)
HPRegen  0.10/turn              (no ring)
MPRegen  0.13/turn              (no ring)

@: no status effects
A: no striking features
a: Evoke Invisibility


You were on level 4 of the Dungeon.
You were not hungry.

You visited 1 branch of the dungeon, and saw 4 of its levels.

You collected 162 gold pieces.

Inventory:

Hand Weapons
 a - a +0 hunting sling of velocity
 b - a +4 quarterstaff of chaos (weapon)
 w - a +0 dagger
Missiles
 n - 84 stones (quivered)
Armour
 j - a +0 robe (worn)
 t - a +0 pair of boots (worn)
 x - a +0 cloak of invisibility (worn)
Scrolls
 d - a scroll of fear {unknown}
 e - a scroll of blinking {unknown}
 g - a scroll of amnesia {unknown}
 h - a scroll of fog {unknown}
 k - 2 scrolls of remove curse {unknown}
 l - a scroll of random uselessness {unknown}
 u - a scroll of teleportation {unknown}
 v - 3 scrolls of identify {unknown}
Potions
 i - a potion of mutation {unknown}
 p - 2 potions of might {unknown}
 q - 2 potions of degeneration {unknown}
 r - 7 potions of curing {unknown}
 z - a potion of lignification {unknown}
Books
 m - a book of Flames

   Spells                             Type                      Level
   a - Flame Tongue                   Conjuration/Fire             1
   b - Throw Flame                    Conjuration/Fire             2
   c - Conjure Flame                  Conjuration/Fire             3
   d - Inner Flame                    Hexes/Fire                   3
   e - Sticky Flame                   Conjuration/Fire             4
   f - Fireball                       Conjuration/Fire             5
Comestibles
 c - 6 bread rations
 f - 5 fruits
 o - a meat ration
 s - 4 chunks of flesh


   Skills:
 - Level 2.4 Dodging
 - Level 2.4 Stealth
 - Level 3.0 Spellcasting
 - Level 1.1 Conjurations
 * Level 8.5 Fire Magic


You had 7 spell levels left.
You knew the following spells:

 Your Spells              Type           Power        Failure   Level  Hunger
a - Flame Tongue          Conj/Fire      ###..        1%          1    None
b - Conjure Flame         Conj/Fire      ###.....     4%          3    ###....


Dungeon Overview and Level Annotations

Branches:
Dungeon (4/15)
 Temple: D:4-7

Altars:

Shops:
D:4 %


Message History

The orc wizard is heavily wounded.
The orc wizard casts a spell at you. The magic dart hits you!
* * * LOW HITPOINT WARNING * * *
Why would you want to do that?
There is an open door here.
Casting: Flame Tongue
Confirm with . or Enter, or press ? or * to list all spells.
Aiming: Conjure Flame
Press: ? - help, Dir - move target cursor The fire ignites!
There is an open door here.
Casting: Conjure Flame
Confirm with . or Enter, or press ? or * to list all spells.
Aiming: Conjure Flame
Press: ? - help, Dir - move target cursor The fire ignites!
The orc wizard points at you and mumbles some strange words.
The magic dart hits you!
You die...

##.## .. #.
##...#########.#
#.##
#....o....o....#
#... ##
##...##.###§####
# ..
#...###.###.# #.#
#.### #.........#
#.# .....
#...###.##### #.#
#. ## #.# #.# #+
#.#######@# +∩
#.....)...# #'
#.#########
########. #.#
#........
#.########
#..#####.
#.........
#..#####.
##..#<.....
#..##>... #
##...#.###.>
#..##.##.
######......###..
#..##.##.


You could see an orc wizard.

Vanquished Creatures
  Edmund (D:4)
  An ogre (D:4)
  A scorpion (D:4)
  An orc priest (D:4)
  A hound (D:4)
  An orc wizard (D:3)
  Crazy Yiuf (D:3)
  Robin (D:3)
  2 adders
  A worm (D:4)
  2 dart slugs
  3 leopard geckos
  10 orcs
  A ball python (D:3)
  3 giant cockroaches
  10 goblins
  4 hobgoblins (D:3)
  A quokka (D:3)
  6 bats
  2 frilled lizards
  3 kobolds
  5 rats
61 creatures vanquished.

Notes
Turn   | Place    | Note
-------+----------+-------------------------------------------
     0 | D:1      | relicbr the Deep Elf Fire Elementalist began the quest for the Orb.
     0 | D:1      | Reached XP level 1. HP: 10/10 MP: 6/6
  1019 | D:2      | Reached skill level 4 in Fire Magic
  1019 | D:2      | Reached XP level 2. HP: 15/15 MP: 5/8
  1965 | D:3      | Reached XP level 3. HP: 19/19 MP: 7/9
  1967 | D:3      | Noticed Robin
  2038 | D:3      | Killed Robin
  2047 | D:3      | Reached skill level 5 in Fire Magic
  2485 | D:3      | Found a runed door.
  2492 | D:3      | Learned a level 3 spell: Conjure Flame
  2495 | D:3      | Noticed Crazy Yiuf
  2502 | D:3      | Killed Crazy Yiuf
  2502 | D:3      | Reached XP level 4. HP: 24/24 MP: 0/10
  2912 | D:3      | Reached skill level 6 in Fire Magic
  3024 | D:4      | Found Heqatokk's Food Boutique.
  3082 | D:4      | Reached XP level 5. HP: 25/28 MP: 7/11
  3083 | D:4      | Noticed an ogre
  3100 | D:4      | Killed an ogre
  3100 | D:4      | Reached skill level 7 in Fire Magic
  3332 | D:4      | Reached XP level 6. HP: 32/32 MP: 2/12
  3533 | D:4      | Noticed Edmund
  3569 | D:4      | Killed Edmund
  3569 | D:4      | Reached skill level 8 in Fire Magic
  4191 | D:4      | HP: 1/32 [orc wizard/magic dart (4)]
  4223 | D:4      | Killed from afar by an orc wizard

Vault maps used:
D:1:      lemuel_arrival_river_passageway
D:2:      first_bread
D:3:      uniq_crazy_yiuf_cottage, uniq_robin
D:4:      lemuel_round_altar, serial_shops, nicolae_shop_behind_doors,
          kennysheep_generic_room_10, uniq_edmund

Skill      XL: |  1  2  3  4  5  6 |
---------------+-------------------+-----
Fire Magic     | 4 5 6 7 8 |  8.5
Dodging        | |  2.4
Stealth        | |  2.4
Spellcasting   | |  3.0
Conjurations   | |  1.1

Action                   |  1- 3 |  4- 6 || total
-------------------------+-------+-------++-------
Melee: Dagger            |     7 |       ||     7
       Quarterstaff      |       |     7 ||     7
 Fire: Hunting sling     |    25 |    42 ||    67
Throw: Stone             |       |     1 ||     1
 Cast: Flame Tongue      |    52 |    48 ||   100
       Conjure Flame     |     1 |    10 ||    11
  Eat: Chunk             |     5 |     4 ||     9
       Fruit             |       |     2 ||     2
Armor: Robe              |     9 |     3 ||    12
Dodge: Dodged            |    31 |     8 ||    39

Table legend:
 A = Spawn XP
 B = Non-spawn XP
 C = Spawn XP percentage of total XP
 D = Spawn monster count
 E = Non-spawn monster count
 F = Spawn count percentage of total count
 G = Total turns spent on level
                    A         B        C        D         E        F      G
               +---------+---------+-------+---------+---------+-------+---------
         Total |       0 |     667 |   0.0 |       0 |      61 |   0.0 |  4223
               +---------+---------+-------+---------+---------+-------+---------
           D:1 |       0 |       9 |   0.0 |       0 |       8 |   0.0 |  1053
           D:2 |       0 |      31 |   0.0 |       0 |       9 |   0.0 |   946
           D:3 |       0 |     146 |   0.0 |       0 |      26 |   0.0 |  1124
           D:4 |       0 |     481 |   0.0 |       0 |      18 |   0.0 |  1100
               +---------+---------+-------+---------+---------+-------+---------
